Unix NetHack Version 5.0.0-0 post-release - last build May 10 2026 23:12:36 (d1fa5d53e341ca933230fdaa984d921c805b60aa,branch:main).

Game began 2026-05-13 14:48:23, ended 2026-05-13 15:17:30.

ArrBianca, lawful female dwarven Archeologist

                                                                 |..--
                                          G                     --...|
                                            .--------------------.<.--
                                          G s@*..................^.-
                                            ..--------...---------
                                           G

ArrBianca the Field Worker  St:9 Dx:10 Co:13 In:15 Wi:16 Ch:12  Lawful
Dlvl:7  $:1366 HP:0(40) Pw:15(15) AC:9  Xp:4 T:2108  Burdened

Latest messages:
 You drop a +0 pick-axe.
 Your movements are now unencumbered.
 "Hello, ArrBianca!  Welcome again to Senna Hut's hardware store!"
 You see here a sack (for sale, 22 zorkmids).
 "For you, good lady; only 22 zorkmids for this sack and its contents."
 s - a sack (unpaid, 22 zorkmids).
 You bought a sack and its contents for 22 gold pieces.
 "Thank you for shopping in Senna Hut's hardware store!"
 You see here a +0 pick-axe.
 You have a little trouble lifting a +0 pick-axe.  Continue? [ynq] (q) q
 You have a little trouble lifting a +0 pick-axe.  Continue? [ynq] (q) y
 You have a little trouble lifting e - a +0 pick-axe.
 Your movements are slowed slightly because of your load.
 You have a little trouble removing t - a scroll of identify.
 Your lamp flickers considerably.
 What do you want to use or apply? [ae-ilszCUWY or ?*] ?
 Your lamp is now off.
 As you read the scroll, it disappears.
 s - an empty uncursed sack.
 "Hello, ArrBianca!  Welcome again to Senna Hut's hardware store!"
 "Will you please leave your pick-axe outside?"
 You see here an arrow.
 An arrow shoots out at you!
 You are hit by an arrow.
 You swap places with the peaceful gnome.
 You fall down the stairs.
 You find a rolling boulder trap.
 What do you want to drop? [$a-ce-ik-mo-qszCDNQSU-Y or ?*] <space>
 Never mind.
 Unix NetHack Version 5.0.0-0 post-release - last build May 10 2026 23:12:36 (d1fa5d53e341ca933230fdaa984d921c805b60aa,branch:main).
 The gnomish wizard casts a spell!
 The gnomish wizard is suddenly moving faster.
 You see here 2 worthless pieces of green glass.
 You lash the giant spider.
 The giant spider bites!
 You miss the giant spider.
 The giant spider bites!
 You miss the giant spider.
 The giant spider bites!
 You miss the giant spider.
 The giant spider bites!
 The giant spider's bite was poisoned!
 You lash the giant spider.
 The giant spider bites!
 You lash the giant spider.
 The giant spider bites!
 You miss the giant spider.
 The giant spider bites!
 You die...
 Do you want an account of creatures vanquished? [ynaq] (y) q

Inventory:
 Coins    ('$')
  $ - 1366 gold pieces
 Weapons  (')')
  V - 40 +0 darts (at the ready)
  a - a +3 bullwhip (weapon in right hand)
 Armor    ('[')
  c - an uncursed +0 fedora (being worn)
  D - an uncursed burnt +0 pair of speed boots (being worn)
  b - an uncursed +0 leather jacket (being worn)
 Comestibles  ('%')
  p - 6 uncursed food rations
  k - a cursed food ration
 Scrolls  ('?')
  o - a cursed scroll of light
  X - an uncursed scroll of stinking cloud
 Potions  ('!')
  m - an uncursed potion of hallucination
  S - an uncursed potion of healing
  q - an uncursed potion of monster detection
  N - an uncursed potion of sleeping
 Wands    ('/')
  Y - a wand of magic missile (0:5)
 Tools    ('(')
  h - an empty uncursed sack
  s - an empty uncursed sack
  l - a cursed leash
  W - a magic marker (0:66)
  C - an uncursed oil lamp
  e - a +0 pick-axe
  z - an uncursed skeleton key
  U - an uncursed skeleton key
  i - an uncursed tin opener
  f - a tinning kit (0:66)
 Gems/Stones  ('*')
  Q - 2 uncursed sapphires
  g - an uncursed touchstone

ArrBianca the Archeologist's attributes:

Background:
 You were a Field Worker, a level 4 female dwarven Archeologist.
 You were lawful, nominally on a mission for Quetzalcoatl
 who was opposed by Camaxtli (neutral) and Huhetotl (chaotic).
 You were right-handed.
 You were in the Gnomish Mines, on level 7.
 You entered the dungeon 2108 turns ago.
 You had 102 experience points, 58 more were needed to attain level 5.

Basics:
 You had 0 out of 40 hit points.
 You had all 15 energy points (spell power).
 Your armor class was 9.
 Your wallet contained 1366 zorkmids.
 Autopickup was on for '$?!/="+%' plus thrown, with exceptions.

Final Characteristics:
 Your strength was 9 (limit:18/100).
 Your dexterity was 10 (limit:20).
 Your constitution was 13 (limit:20).
 Your intelligence was 15 (limit:16).
 Your wisdom was 16 (limit:16).
 Your charisma was 12 (limit:16).

Final Status:
 You weren't hungry.
 You were burdened; movement was slightly slowed.
 You were wielding a whip.
 You had basic skill with whip.

Final Attributes:
 You were devoutly aligned.
 You had automatic searching.
 You had infravision.
 You were very fast.
 You were lucky.
 You are dead.

Miscellaneous:
 You didn't encounter any bones levels.
 Total elapsed playing time was 29 minutes and 7 seconds.

Major events:
 Turn
    1: ArrBianca the lawful female dwarven Archeologist entered the dungeon
  823: entered the Gnomish Mines
 1299: attained the rank of Field Worker (level 3)
 1805: reached Mine Town
 2108: killed by a giant spider

Spells:
 Name                 Level Category     Fail Retention
 stone to flesh         3   healing      100%  76%-100%

Skills:
 Fighting Skills
   bare handed combat [Unskilled]
   two weapon combat  [Unskilled]
   riding             [Unskilled]
 Weapon Skills
   dagger             [Unskilled]
   knife              [Unskilled]
   pick-axe           [Basic]
   short sword        [Unskilled]
   saber              [Unskilled]
   club               [Unskilled]
   quarterstaff       [Unskilled]
   sling              [Unskilled]
   dart               [Unskilled]
   boomerang          [Unskilled]
   whip               [Basic]
   unicorn horn       [Unskilled]
 Spellcasting Skills
   attack spells      [Unskilled]
   healing spells     [Unskilled]
   divination spells  [Unskilled]
   matter spells      [Unskilled]

Voluntary challenges:
 Character rerolling was not enabled.
 You were an atheist.
 You never had a pet.
 You never genocided any monsters.
 You never polymorphed an object.
 You never changed form.
 You used no wishes.
Achievements:
 You entered a shop.
 You entered the Gnomish Mines.
 You attained the rank of Field Worker.
 You entered Minetown.
 You entered a temple.

 The Dungeons of Doom: levels 1 to 2
    Level 1:
       A fountain, a grave.
    Level 2:
       A general store, a sink.
       Stairs down to The Gnomish Mines.
 The Gnomish Mines: levels 3 to 7
    Level 3:
    Level 4:
    Level 5:
    Level 6:
       Many shops, a temple and an altar, some fountains.
    Level 7: <- You were here.
       Final resting place for
          you, killed by a giant spider.


Vanquished creatures:
  4 hill orcs
  a giant bat
  a wererat
  a werejackal
  2 iguanas
  2 giant rats
  a cave spider
  a brown mold
  a jackal
  4 foxes
  a kobold
  2 sewer rats
  2 grid bugs
  3 kobold zombies
  2 newts
28 creatures vanquished.

No species were genocided or became extinct.

Game over:
                       ----------
                      /          \
                     /    REST    \
                    /      IN      \
                   /     PEACE      \
                  /                  \
                  |    ArrBianca     |
                  |     1366 Au      |
                  |   killed by a    |
                  |   giant spider   |
                  |                  |
                  |                  |
                  |       2026       |
                 *|     *  *  *      | *
        _________)/\\_//(\/(/\)/\//\/|_)_______

Goodbye ArrBianca the Archeologist...

You died in The Gnomish Mines on dungeon level 7 with 1948 points,
and 1366 pieces of gold, after 2108 moves.
You were level 4 with a maximum of 40 hit points when you died.

